 Dungeon Crawl Stone Soup version 0.16.1-4-g8e1b745 (webtiles) character file.

676 inmateoo the Covert (level 7, -3/31 HPs)
             Began as a Spriggan Assassin on Mar 28, 2015.
             Slain by an iguana (13 damage)
             ... on level 4 of the Dungeon.
             The game lasted 00:06:44 (3897 turns).

inmateoo the Covert (Spriggan Assassin)             Turns: 3897, Time: 00:06:45

Health: -3/31      AC:  3    Str:  7      XL:     7   Next: 33%
Magic:  19/19      EV: 20    Int: 12      God:
Gold:   36         SH:  0    Dex: 19 (20) Spells: 0 memorised, 11 levels left

rFire  . . .     SeeInvis +     a - +2 dagger
rCold  + . .     Clarity  .     c - +0 robe
rNeg   . . .     SustAb   .     (shield restricted)
rPois  .         Gourm    .     (helmet restricted)
rElec  .         Spirit   .     d - +0 cloak
rCorr  .         Warding  .     (gloves unavailable)
rMut   .         Stasis   .     (boots unavailable)
MR     +++..                    (no amulet)
Stlth  +++++.....               v - ring of protection from magic
                                u - ring of protection from cold

@: very quick, extremely resistant to hostile enchantments, quite stealthy
A: unfitting armour, see invisible, deterioration 1, herbivore 3, speed 3, frail
1, magic resistance 1, sense surroundings 1, slow metabolism 2, spit poison 1,
wild magic 1
a: Spit Poison


You were on level 4 of the Dungeon.
You were hungry.

You visited 1 branch of the dungeon, and saw 5 of its levels.

You collected 311 gold pieces.
You spent 275 gold pieces at shops.

Inventory:

Hand weapons
 a - a +2 dagger (weapon)
 b - a +0 blowgun
Missiles
 e - 19 poisoned needles
 f - 6 curare-tipped needles
Armour
 c - a +0 robe (worn)
 d - a +0 cloak (worn)
Jewellery
 u - a ring of protection from cold (left hand)
 v - a ring of protection from magic (right hand)
Scrolls
 h - a scroll of enchant weapon {unknown}
 i - 3 scrolls of identify
 m - 2 scrolls of teleportation {unknown}
 o - a scroll of immolation {unknown}
 p - a scroll of remove curse {unknown}
 q - 2 scrolls of recharging {unknown}
 r - a scroll of random uselessness {unknown}
Potions
 j - a potion of invisibility
 k - 3 potions of curing
 l - 2 potions of might
 n - a potion of flight
 s - a potion of resistance
 t - a potion of brilliance
Comestibles
 g - 3 bread rations


   Skills:
 + Level 2.9 Fighting
 * Level 4.9 Short Blades
 + Level 3.4 Throwing
 + Level 4.2 Dodging
 * Level 8.7 Stealth
 + Level 2.9 Spellcasting


You had 11 spell levels left.
You didn't know any spells.

Dungeon Overview and Level Annotations

Branches:
Dungeon (5/15)
 Temple: D:4-7

Altars:

Shops:
D:4 =

Annotations:
D:5 Dowan, Duvessa


Innate Abilities, Weirdness & Mutations

You are tiny and cannot use many weapons and most armour.
You have supernaturally acute eyesight.
You are a herbivore.
You cover ground extremely quickly.
You need consume almost no food.
Your body is slowly deteriorating.
You are frail (-10% HP).
You are resistant to hostile enchantments.
You passively map a small area around you.
You can spit poison.
Your spells are a little harder to cast, but a little more powerful.


Message History

Wield which item (- for none, * to show all)? (? for menu, Esc to quit)
a - a +2 dagger (weapon)
You hit the goblin.
You kill the goblin!
You hit the iguana but do no damage.
The iguana is moderately wounded.
The iguana hisses menacingly.
The iguana completely misses you.
You hit the iguana but do no damage.
The iguana is moderately wounded.
The iguana bites you but does no damage.
You closely miss the iguana.
The iguana is moderately wounded.
You hit the iguana but do no damage.
The iguana is moderately wounded.
The iguana bites you!
You barely miss the iguana.
The iguana is moderately wounded.
The iguana bites you!
You die...

# #..# #.......#..#...##... #
#..# #..##(.....#........
######.(# #...รท..#..#.........
....#...## #...##..#.#........#
#........#####........#........##
###........(.(.##...##.#......##
# ##>.............##.........#.##
# ##..#######.l##...........#..#
# #..# ###@............#... #
#..# #........##......... ##
#..##########.....##.........
.####...........##......[#.......
...#.............###.#...........
......#########..# #....#........
....### ##..# #.###.##......
....# #.#.######.......... ....#
###....##.#...##..#.


You could see an iguana.

Vanquished Creatures
  Eustachio (D:4)
  An ogre (D:4)
  A water moccasin skeleton (D:4)
  An orc priest (D:4)
  2 orc wizards (D:3)
  A hound (D:4)
  7 worker ants (D:4)
  A gnoll (D:1)
  5 adders
  A worm (D:3)
  11 orcs
  A giant cockroach (D:2)
  11 goblins
  7 hobgoblins
  3 jackals (D:5)
  An ooze (D:1)
  3 quokkas
  9 bats
  12 kobolds
  A quokka skeleton (D:4)
  6 rats
86 creatures vanquished.

Notes
Turn   | Place    | Note
--------------------------------------------------------------
     0 | D:1      | inmateoo, the Spriggan Assassin, began the quest for the Orb.
     0 | D:1      | Reached XP level 1. HP: 10/10 MP: 2/2
   102 | D:1      | Reached skill level 6 in Stealth
   115 | D:1      | Reached XP level 2. HP: 12/15 MP: 4/4
   668 | D:2      | Reached XP level 3. HP: 16/18 MP: 6/6
   968 | D:2      | Reached skill level 1 in Spellcasting
  1267 | D:3      | Reached XP level 4. HP: 21/23 MP: 9/9
  1309 | D:3      | Reached skill level 7 in Stealth
  1676 | D:3      | Gained mutation: You are resistant to hostile enchantments. [potion of mutation]
  1676 | D:3      | Gained mutation: Your spells are a little harder to cast, but a little more powerful. [potion of mutation]
  1676 | D:3      | Gained mutation: You passively map a small area around you. [potion of mutation]
  1677 | D:3      | Gained mutation: You can spit poison. [potion of beneficial mutation]
  1678 | D:3      | Gained mutation: You are frail (-10% HP). [potion of mutation]
  1678 | D:3      | Gained mutation: Your body is slowly deteriorating. [potion of mutation]
  1755 | D:3      | Reached XP level 5. HP: 20/23 MP: 12/12
  2379 | D:4      | Noticed an ogre
  2399 | D:4      | Reached XP level 6. HP: 25/28 MP: 13/16
  3290 | D:4      | Reached skill level 8 in Stealth
  3320 | D:4      | Killed an ogre
  3366 | D:4      | Noticed Eustachio
  3375 | D:4      | Killed Eustachio
  3375 | D:4      | Reached XP level 7. HP: 31/31 MP: 19/19
  3669 | D:4      | Found Yduimaz's Jewellery Shoppe.
  3682 | D:4      | Bought an uncursed ring of protection from magic for 275 gold pieces
  3826 | D:5      | Entered Level 5 of the Dungeon
  3826 | D:5      | Noticed Duvessa
  3828 | D:5      | Noticed Dowan
  3897 | D:4      | Slain by an iguana

Action                   |  1- 3 |  4- 6 |  7- 9 || total
-------------------------+-------+-------+-------++-------
Melee: Dagger            |    80 |   134 |    24 ||   238
 Fire: Blowgun           |     1 |    30 |     2 ||    33
  Use: Scroll            |       |     4 |     4 ||     8
       Potion            |       |     3 |       ||     3
 Stab: Sleeping          |    12 |    13 |     5 ||    30
       Distracted        |       |     1 |     1 ||     2
